 Dungeon Crawl Stone Soup version 0.31-a0-161-gb58dd9be76 (webtiles) character file.

Game seed: 15770148549040852412

80 qw the Chopper (level 4, -6/28 HPs)
             Began as a Gargoyle Fighter on June 12, 2023.
             Killed by divine providence
             ... invoked by an orc priest
              (11 damage)
             ... on level 3 of the Dungeon.
             The game lasted 00:00:40 (1491 turns).

qw the Chopper (Gargoyle Fighter)                   Turns: 1491, Time: 00:00:40

Health: -6/28      AC: 10    Str: 21    XL:     4   Next: 39%
Magic:  4/4        EV:  9    Int:  9    God:
Gold:   9          SH:  4    Dex:  9    Spells: 3/3 levels left

rFire   . . .        Y - +0 war axe
rCold   . . .        c - +0 buckler
rNeg    + . .        b - +0 scale mail
rPois   inf          (no helmet)
rElec   +            (no cloak)
rCorr   .            (no gloves)
SInv    .            (no boots)
Will    .....        (no amulet) Stlth
                     (no ring)
HPRegen 0.24/turn    (no ring)
MPRegen 0.09/turn

%: no passive effects
@: no status effects
A: sickness immunity, AC +3, negative energy resistance 1, electricity
resistance, torment resistance 1, petrification resistance
a: no special abilities


You were on level 3 of the Dungeon.
You visited 1 branch of the dungeon, and saw 3 of its levels.

You collected 9 gold pieces.


Innate Abilities, Weirdness & Mutations

You are immune to sickness and miasma.
Your stone body is resilient. (AC +3)
You are immune to poison.
You resist negative energy. (rN+)
You are resistant to electric shocks. (rElec)
You are resistant to unholy torment.
You are immune to petrification.


   Skills:
 - Level 3.2 Fighting
 + Level 4.1 Axes
 - Level 3.2 Armour
 - Level 3.2 Shields


You had 3 spell levels left.
You didn't know any spells.
Your spell library was empty.

Inventory:

Hand Weapons
 e - a +0 club
 Y - a +0 war axe (weapon)
Armour
 b - a +0 scale mail (worn)
 c - a +0 buckler (worn)
Potions
 d - 3 potions of might
 h - a potion of enlightenment {unknown}
 j - a potion of lignification {unknown}
 k - a potion of curing

Dungeon Overview and Level Annotations

Branches:
Dungeon (3/15)

Altars:
Gozag


Message History

You slash the orc!
You kill the orc!
You barely miss the orc.
The orc wizard mumbles some strange words.
The orc wizard flickers and vanishes!
Deactivating autopickup; reactivate with Ctrl-A.
You barely miss the orc.
The orc priest casts a cantrip, but nothing happens.
You block the orc's attack. The orc hits you but does no damage.
You completely miss the orc. You barely miss the orc.
The orc closely misses you. You block the orc's attack.
You slash the orc!
You kill the orc!
You hit the orc but do no damage. The orc hits you with a +0 hand axe.
You hit the orc priest.
The orc priest is moderately wounded.
You completely miss the orc. The orc misses you.
The orc priest calls down the wrath of Beogh upon you.
Beogh smites you!
Ouch! That really hurt!
The orc barely misses you. Something hits you but does no damage.
You hit the orc priest.
The orc priest is heavily wounded.
You slash the orc!
You kill the orc!
You closely miss something. You block something's attack.
You block the orc priest's attack.
You closely miss the orc priest.
The orc priest is heavily wounded.
You barely miss something. Something hits you but does no damage.
The orc priest hits you with a +0 club.
You completely miss the orc priest.
The orc priest is heavily wounded.
You closely miss something. Something hits you but does no damage.
The orc priest invokes the aid of Beogh against you.
Beogh smites you!
You die...

...## ..#.#
#.#.#
#......#
#.##...#
#.##...#
#.##)).#
#.##@o.#
#.#..#..#
###.#..# .#
#.###......#
#
#......<#..#
#.#####%#..#
.....#
.......
##.##....


You could see an orc priest.

Vanquished Creatures
  4 adders
  3 orcs (D:3)
  5 ball pythons
  An endoplasm (D:1)
  2 giant cockroaches (D:1)
  5 goblins (D:2)
  9 hobgoblins
  2 jackals (D:1)
  A quokka (D:2)
  3 bats
  A frilled lizard (D:2)
  A rat (D:2)
37 creatures vanquished.

Notes
Turn   | Place    | Note
-------+----------+-------------------------------------------
     0 | D:1      | qw the Gargoyle Fighter began the quest for the Orb.
     0 | D:1      | Reached XP level 1. HP: 14/14 MP: 1/1
     0 | D:1      | 0 ||| qw: Version: 0.2-a-29-gc1b59c4
     0 | D:1      | 0 ||| qw: Game counter: 4276
     0 | D:1      | 0 ||| qw: Always use a shield: true
     0 | D:1      | 0 ||| qw: God list: Okawaru
     0 | D:1      | 0 ||| qw: Allow faded altars: false
     0 | D:1      | 0 ||| qw: Do Orc after D:15 true
     0 | D:1      | 0 ||| qw: Do second Lair branch before Depths: true
     0 | D:1      | 0 ||| qw: Lair rune preference: random
     0 | D:1      | 0 ||| qw: Plans: Normal, Zot:1-4, Slime:5, God:TSO, Crypt,
                  | Tomb, Abyss, Pan, Hells, Win
     0 | D:1      | 0 ||| PLANNING D:1-11
   166 | D:1      | Reached skill level 2 in Axes
   442 | D:1      | Reached XP level 2. HP: 19/19 MP: 2/2
   606 | D:1      | 606 ||| READING scroll labelled TINIS YTUQYPE.
   618 | D:1      | 618 ||| READING scroll labelled RINAFF EMAATI.
   622 | D:1      | 622 ||| READING scroll labelled ITEUS MATO.
   623 | D:1      | 623 ||| READING scroll labelled NUJOOSHY BASTE.
   624 | D:1      | 624 ||| READING scroll labelled NIVEKE QIGOX.
   625 | D:1      | 625 ||| READING scroll labelled WAASIA JYAN.
   705 | D:2      | Found an opulent altar of Gozag.
   804 | D:2      | 804 ||| Stepping ~*~*~tactically~*~*~ (stealth).
   809 | D:2      | Reached skill level 3 in Axes
   822 | D:2      | Reached XP level 3. HP: 23/23 MP: 3/3
  1422 | D:2      | 1422 ||| READING scroll labelled ECECLODEDO.
  1423 | D:2      | 1423 ||| DRINKING 2 smoky coppery potions.
  1427 | D:2      | 1427 ||| DRINKING 2 puce potions.
  1428 | D:2      | 1428 ||| DROPPING potion of ambrosia.
  1470 | D:3      | Reached XP level 4. HP: 26/28 MP: 4/4
  1476 | D:3      | Reached skill level 4 in Axes
  1490 | D:3      | HP: 5/28 [orc priest/+0 club (5)]
  1491 | D:3      | Killed from afar by an orc priest

Levels and vault maps discovered:
D:1:      dpeg_arrival_another_circle, layout_basic
D:2:      layout_loops_ring, basic_altar
D:3:      layout_basic, mainiacjoe_overflow_alcove_2, fedhas_altar_4,
          ebering_ghost_disaster_area, st_stairs_5

Skill      XL: |  1  2  3  4 |
---------------+-------------+-----
Axes           | 2 3 4 |  4.1
Fighting       | |  3.2
Armour         | |  3.2
Shields        | |  3.2

Action                     |  1- 3 |  4- 6 || total
---------------------------+-------+-------++-------
  Melee: War axe           |    81 |    13 ||    94
    Use: Scroll            |     7 |       ||     7
         Potion            |     2 |       ||     2
 Armour: Scale mail        |    31 |     7 ||    38
  Dodge: Dodged            |    34 |     6 ||    40
  Block: Buckler           |    11 |     5 ||    16

Table legend:
 A = Non-vault XP
 B = Vault XP
 C = Vault XP percentage of total XP
 D = Non-vault monster count
 E = Vault monster count
 F = Vault count percentage of total count
                 A         B        C        D         E       F
            +---------+---------+-------+---------+---------+-------
      Total |     115 |       0 |   0.0 |      37 |       0 |   0.0
            +---------+---------+-------+---------+---------+-------
        D:1 |      22 |       0 |   0.0 |      12 |       0 |   0.0
        D:2 |      57 |       0 |   0.0 |      19 |       0 |   0.0
        D:3 |      36 |       0 |   0.0 |       6 |       0 |   0.0
            +---------+---------+-------+---------+---------+-------
